 Dungeon Crawl Stone Soup version 0.28.0-47-ge53b351184 (webtiles) character file.

Game seed: 16776436550187753773

130 issech the Ducker (level 4, -2/44 HPs)
             Began as a Troll Fighter on Apr 30, 2022.
             Slain by a gnoll
             ... wielding a +2 spear of chaos
              (8 damage)
             ... on level 3 of the Dungeon.
             The game lasted 00:07:40 (2417 turns).

issech the Ducker (Troll Fighter)                   Turns: 2417, Time: 00:07:40

Health: -2/44      AC:  4    Str: 24    XL:     4   Next: 90%
Magic:  3/3        EV:  9    Int:  4    God:
Gold:   59         SH:  7    Dex: 11    Spells: 3/3 levels left

rFire   . . .      SeeInvis .   a - +0 flail
rCold   . . .      Faith    .   c - +0 kite shield
rNeg    . . .      Spirit   .   b - +0 robe
rPois   .          Reflect  .   (helmet restricted)
rElec   .          Harm     .   (no cloak)
rCorr   .          Rampage  .   (gloves unavailable)
Will    .....                   (boots unavailable)
Stlth   +.........              (no amulet)
HPRegen 0.94/turn               (no ring)
MPRegen 0.08/turn               (no ring)

@: no status effects
A: large, unfitting armour, claws 3, regeneration 1, shaggy fur 1, tough skin 1
a: no special abilities


You were on level 3 of the Dungeon.
You visited 1 branch of the dungeon, and saw 3 of its levels.

You collected 59 gold pieces.

Inventory:

Hand Weapons
 a - a +0 flail (weapon)
 q - a +0 hunting sling
Missiles
 e - 130 stones (quivered)
 g - 15 arrows
 j - 37 sling bullets
 l - a throwing net
 n - 44 bolts
 s - 2 poisoned darts
 t - 6 javelins
Armour
 b - a +0 robe (worn)
 c - a +0 kite shield (worn)
Wands
 v - a wand of polymorph (6)
Scrolls
 f - a scroll of amnesia {unknown}
 h - a scroll of summoning {unknown}
 i - 2 scrolls of identify {unknown}
 k - 2 scrolls of noise {unknown}
 m - a scroll of torment {unknown}
 o - 2 scrolls of teleportation {unknown}
 u - 3 scrolls of brand weapon {unknown}
Potions
 d - a potion of might
 p - 2 potions of curing {unknown}
 r - a potion of invisibility {unknown}


   Skills:
 + Level 2.8 Fighting
 + Level 2.9 Maces & Flails
 + Level 1.8 Throwing
 + Level 3.1 Dodging
 + Level 2.6 Shields


You had 3 spell levels left.
You didn't know any spells.
Your spell library contained the following spells:

 Spells                   Type           Power      Damage    Failure   Level
 Gell's Gravitas          Tloc           0%         N/A       99%         3
 Lesser Beckoning         Tloc           0%         N/A       99%         3
 Teleport Other           Tloc           0%         N/A       99%         3


Dungeon Overview and Level Annotations

Branches:
Dungeon (3/15)

Altars:
Uskayaw

Annotations:
D:3 Sigmund


Innate Abilities, Weirdness & Mutations

You are too large for most types of armour.
You have claws for hands.
Your natural rate of healing is unusually fast.
You are covered in fur. (AC +1)
You have tough skin. (AC +1)


Message History

The gnoll hits you but does no damage. You resist with some effort.
You hit the gnoll.
The gnoll is heavily wounded.
The gnoll misses you.
You sock the gnoll!
You kill the gnoll!
Things that are here:
a +0 club of chaos; a gnoll corpse The gnoll closely misses you.
You barely miss the gnoll. You block the gnoll's attack. x2
You sock the gnoll!
The gnoll is almost dead.
The gnoll hits you with a +2 spear of chaos.
You are confused.
The gnoll hits you from afar with a +2 spear of chaos.
You resist with some effort.
You feel less confused.
The gnoll hits you with a +2 spear of chaos!
The gnoll burns you.
You barely miss the gnoll.
The gnoll is almost dead.
You block the gnoll's attack.
The gnoll hits you with a +2 spear of chaos.
You hit the gnoll.
The gnoll is almost dead.
The gnoll hits you with a +2 spear of chaos.
You resist with some effort.
You hit the gnoll but do no damage.
The gnoll is almost dead.
The gnoll barely misses you.
You closely miss the gnoll.
The gnoll is almost dead.
The gnoll completely misses you.
The gnoll hits you with a +2 spear of chaos!
You are electrocuted!
* * * LOW HITPOINT WARNING * * *
You hit the gnoll but do no damage.
The gnoll is almost dead.
The gnoll hits you with a +2 spear of chaos!
You die...

#... ≈≈.^ ##### ^.≈≈
#...###..# ##
#######)###.≈##
..#<).....###..##.## ##
##.##.#...##.@g.#≈#.#≈≈≈
......##.#...###.#..≈#
................####≈...#
...............# ⌠#≈.≈.#
. #.#.#.........## ##
.#.# .##.#.####...####
.#≈ ......# #...# ≈#
..#.#.####...# . ###
....†...†...## #.#


You could see a gnoll.

Vanquished Creatures
  Jessica (D:2)
  3 adders (D:2)
  A gnoll (D:3)
  A worm (D:2)
  2 dart slugs
  7 ball pythons
  3 endoplasms
  2 giant cockroaches
  10 goblins
  7 hobgoblins
  4 jackals (D:2)
  2 quokkas (D:1)
  5 bats
  4 frilled lizards
  2 kobolds (D:2)
  5 rats
59 creatures vanquished.

Notes
Turn   | Place    | Note
-------+----------+-------------------------------------------
     0 | D:1      | issech the Troll Fighter began the quest for the Orb.
     0 | D:1      | Reached XP level 1. HP: 22/22 MP: 0/0
   193 | D:1      | Reached XP level 2. HP: 29/29 MP: 1/1
   423 | D:1      | Found a faded altar of an unknown god.
   893 | D:2      | Reached XP level 3. HP: 34/36 MP: 2/2
   940 | D:2      | Reached skill level 3 in Dodging
  1352 | D:2      | Reached XP level 4. HP: 44/44 MP: 3/3
  1557 | D:2      | Reached skill level 1 in Throwing
  1713 | D:3      | Found a hide-covered altar of Uskayaw.
  1780 | D:3      | Noticed Jessica
  1914 | D:2      | Killed Jessica
  2016 | D:3      | Noticed Sigmund
  2417 | D:3      | Slain by a gnoll

Illustrated notes

Levels and vault maps discovered:
D:1:      eino_arrival_druids_welcome, layout_loops_cross,
          hellmonk_ecumenical_altar_zigzags
D:2:      layout_loops_ring, minmay_fractal_squares_gapless_5
D:3:      layout_loops_ring, tgw_xom, nicolae_uskayaw_dance_hall,
          minmay_strange_pillars, nicolae_concentric_dashed_squares_mild,
          uniq_sigmund, uniq_jessica, uniq_crazy_yiuf_cottage

Skill      XL: |  1  2  3  4 |
---------------+-------------+-----
Maces & Flails | 2 |  2.9
Dodging        | 3 |  3.1
Throwing       | 1 |  1.8
Fighting       | |  2.8
Shields        | |  2.6

Action                   |  1- 3 |  4- 6 || total
-------------------------+-------+-------++-------
Melee: Flail             |   142 |    66 ||   208
       Unarmed           |       |     6 ||     6
Throw: Stone             |    35 |     3 ||    38
Armor: Robe              |    58 |    46 ||   104
Dodge: Dodged            |    74 |    63 ||   137
Block: Kite shield       |    50 |    48 ||    98
